AoeStats
← Maty

Black Forest

510010770Analyzed
4v4 RM · 3d ago on Sep 29, 2026· 36m 5s· 8 players
Game mode
Random Map
Map size
Large (8 player)
Population
200
Speed
Normal
Resources
Standard
Victory
Conquest
Starting age
Dark Age
Ending age
Imperial Age
RankedLock teamsTeams togetherTeam positionsShared explorationLock speedFull tech treeHidden civsTurbo modeCheats
Victory
Defeat
🇲🇽 Ethiopians · Mexico
1476
+15
🇵🇪 Bengalis · Peru
1464
+15
🇪🇨 Danes · Ecuador
1458
+15
🇦🇷 Spanish · Argentina
1421
+18
🇦🇷 Maya · Argentina
1484
-17
🇦🇷 Hindustanis · Argentina
1469
-17
🇦🇷 Bohemians · Argentina
1447
-16
🇦🇷 Persians · Argentina
1374
-13
Gandhi
4:06 Loom
7:06 Loom
8:00 Loom
10:03 Feudal Age
10:40 Horse Collar
10:51 Double-Bit Axe
20:04 Fletching
20:27 Forging
21:55 Wheelbarrow
24:23 Castle Age
24:17 Scale Barding Armor
25:20 Husbandry
25:42 Chain Barding Armor
25:57 Iron Casting
27:07 Bow Saw
|MP| layc0ni
1:02 Loom
10:31 Feudal Age
15:27 Castle Age
13:42 Double-Bit Axe
18:42 Fortified Wall
28:23 Wheelbarrow
|MP| Equisd3
10:03 Feudal Age
15:23 Castle Age
13:43 Double-Bit Axe
16:05 Bow Saw
19:22 Demolition Ship
26:04 Fletching
26:16 Demolition Ship
27:43 Horse Collar
29:04 Wheelbarrow
29:20 Fishing Lines
33:26 Imperial Age
31:43 Scale Barding Armor
32:08 Gold Mining
32:13 Stone Mining
33:01 Hand Cart
33:12 Bloodlines
33:02 Husbandry
33:17 Heavy Plow
34:06 Chain Barding Armor
35:08 Forging
35:35 Plate Barding Armor
35:30 Conscription
36:32 Two-Man Saw
36:07 Forging
36:07 Loom
36:08 Town Watch
[MP] Lauchav
0:26 Loom
22:54 Feudal Age
23:32 Double-Bit Axe
25:33 Fletching
25:28 Man-at-Arms
34:22 Castle Age
33:40 Scale Mail Armor
El Culeco
3:20 Loom
24:58 Feudal Age
26:51 Double-Bit Axe
31:27 Wheelbarrow
32:24 Gold Mining
34:55 Padded Archer Armor
35:29 Fletching
Maty
10:09 Loom
12:37 Feudal Age
13:38 Double-Bit Axe
13:36 Fishing Lines
16:30 Castle Age
17:19 Gillnets
17:52 Bow Saw
21:27 Loom
23:44 Scale Barding Armor
24:08 Husbandry
25:11 Wheelbarrow
24:22 Town Watch
26:28 Hand Cart
28:25 Bloodlines
28:53 Chain Barding Armor
30:12 Horse Collar
30:23 Gold Mining
30:24 Stone Mining
31:22 Forging
31:27 Heavy Plow
35:03 Imperial Age
33:45 Gold Shaft Mining
33:46 Stone Shaft Mining
33:23 Masonry
34:04 Iron Casting
36:22 Plate Barding Armor
36:48 Blast Furnace
35:21 Onager
35:24 Northmen's Fury
36:13 Siege Engineers
Kaanan
7:16 Loom
7:41 Loom
10:10 Feudal Age
10:46 Double-Bit Axe
20:46 Forging
21:52 Fishing Lines
26:15 Castle Age
25:17 Scale Barding Armor
25:28 Bloodlines
26:21 Bloodlines
26:26 Gold Mining
26:58 Husbandry
27:22 Chain Barding Armor
29:01 Iron Casting
31:46 Gillnets
32:44 Gold Shaft Mining
[KoA]M4GNO
11:22 Feudal Age
14:53 Castle Age
20:53 Town Watch
Connection lost

Rejoining the realm…

Still unreachable

The connection could not be restored.

Session expired

The server has moved on; the page needs a fresh start.